 Dungeon Crawl Stone Soup version 0.29.1-12-g30fa7ad0bf (webtiles) character file.

Game seed: 17240191185141207763

17 KittyFluff the Trooper (level 2, -1/19 HPs)
             Began as a Gargoyle Berserker on Jan 15, 2023.
             Was a Follower of Trog.
             Slain by a worm (10 damage)
             ... on level 2 of the Dungeon.
             The game lasted 00:03:59 (1061 turns).

KittyFluff the Trooper (Gargoyle Berserker)         Turns: 1061, Time: 00:04:00

Health: -1/19      AC:  5    Str: 20    XL:     2   Next: 62%
Magic:  2/2        EV: 12    Int:  7    God:    Trog [*.....]
Gold:   22         SH:  0    Dex:  9    Spells: 1/1 levels left

rFire   . . .      SeeInvis .   a - +0 mace
rCold   . . .      Faith    .   (no shield)
rNeg    + . .      Spirit   .   b - +0 animal skin
rPois   ∞          Reflect  .   (no helmet)
rElec   +          Harm     .   (no cloak)
rCorr   .          Rampage  .   (no gloves)
Will    .....                   (no boots)
Stlth   +.........              (no amulet)
HPRegen 0.06/turn               (no ring)
MPRegen 0.08/turn               (no ring)

@: no status effects
A: sickness immunity, AC +2, negative energy resistance 1, electricity
resistance, torment resistance 1, petrification resistance
a: Renounce Religion, Berserk


You were on level 2 of the Dungeon.
You worshipped Trog.
Trog was aware of your devotion.
You visited 1 branch of the dungeon, and saw 2 of its levels.

You collected 22 gold pieces.

Inventory:

Hand Weapons
 a - a +0 mace (weapon)
Missiles
 d - a throwing net (quivered)
 g - 17 stones
Armour
 b - a +0 animal skin (worn)
Scrolls
 c - a scroll of poison {unknown}
 e - a scroll of teleportation {unknown}
 f - a scroll of identify {unknown}
Potions
 h - a potion of cancellation {unknown}


   Skills:
 + Level 3.5 Fighting
 * Level 3.2 Maces & Flails
 * Level 2.7 Armour
 + Level 1.7 Dodging


You had one spell level left.
You didn't know any spells.
Your spell library was empty.

Dungeon Overview and Level Annotations

Branches:
Dungeon (2/15)

Altars:


Innate Abilities, Weirdness & Mutations

You are immune to sickness and miasma.
Your stone body is resilient. (AC +2)
You are immune to poison.
You resist negative energy. (rN+)
You are resistant to electric shocks. (rElec)
You are resistant to unholy torment.
You are immune to petrification.


Message History

You see here a +0 falchion.
There is a stone staircase leading down here.
You climb downwards.
Found a dark potion and 9 gold pieces.
There is a stone staircase leading up here.
h - a dark potion
Found a stone staircase leading down.
You now have 22 gold pieces (gained 9).
A worm comes into view.
A quokka comes into view.
You hit the worm.
The worm is lightly wounded.
The worm bites you!
You barely miss the worm.
The worm is lightly wounded.
The worm misses you.
You hit the worm but do no damage. You sock the worm!
The worm is moderately wounded.
The worm closely misses you.
You completely miss the worm.
The worm is moderately wounded.
The worm closely misses you.
You hit the worm.
The worm is heavily wounded.
The worm bites you.
You completely miss the worm.
The worm is heavily wounded.
The quokka twitches its whiskers.
You hit the worm.
The worm is almost dead.
The worm misses you.
You hit the worm.
The worm is almost dead.
The worm closely misses you.
You hit the worm but do no damage.
The worm is almost dead.
The worm bites you!
Ouch! That really hurt!
You die...

###############
#########.............#
........#.......#####.#
..............#.# #.#
..............#.#####.#
###......<#.......#
#......##########
#.#......@wr.....
#.############### #..
#... ..... ......
.>.#### ....#


You could see a worm and a quokka.

Vanquished Creatures
  A gnoll (D:1)
  2 ball pythons (D:1)
  A giant cockroach (D:1)
  A kobold (D:1)
  3 frilled lizards (D:1)
  A rat (D:1)
9 creatures vanquished.

Notes
Turn   | Place    | Note
-------+----------+-------------------------------------------
     0 | D:1      | KittyFluff the Gargoyle Berserker began the quest for the
                  | Orb.
     0 | D:1      | Reached XP level 1. HP: 14/14 MP: 1/1
    97 | D:1      | Reached XP level 2. HP: 10/19 MP: 2/2
  1061 | D:2      | Slain by a worm

Illustrated notes

Levels and vault maps discovered:
D:1:      elethiomel_arrival_shortcut, layout_loops_ring, nicolae_grassy_gnolls
D:2:      layout_basic, basic_altar

Action                   || total
-------------------------++-------
Melee: Mace              ||    44
Armor: Animal skin       ||    14
Dodge: Dodged            ||    26
